AoeStats
← KND

Arena

509987633Analyzed
4v4 RM · 2d ago on Sep 28, 2026· 50m 46s· 8 players
Game mode
Random Map
Map size
Large (8 player)
Population
200
Speed
Normal
Resources
Standard
Victory
Conquest
Starting age
Dark Age
Ending age
Imperial Age
RankedLock teamsTeams togetherTeam positionsShared explorationLock speedFull tech treeHidden civsTurbo modeCheats
Victory
Defeat
🇦🇷 Hindustanis · Argentina
1481
+15
🇧🇷 Saracens · Brazil
1470
+15
🇨🇱 Wu · Chile
1431
+17
🇨🇴 Vietnamese · Colombia
1367
+19
🇹🇼 Mongols · Taiwan
1509
-19
🇭🇰 Franks · Hong Kong SAR China
1480
-18
🇩🇪 Dravidians · Germany
1405
-15
🇲🇽 Saxons · Mexico
1386
-14
TITO15
10:30 Feudal Age
10:31 Loom
14:02 Castle Age
11:56 Double-Bit Axe
12:03 Horse Collar
15:21 Wheelbarrow
15:50 Bow Saw
15:47 Heavy Plow
20:10 Stone Mining
20:29 Gold Mining
26:31 Imperial Age
24:22 Hand Cart
25:43 Fletching
26:18 Ballistics
26:23 Bodkin Arrow
26:29 Padded Archer Armor
28:22 Chemistry
27:25 Bracer
29:27 Leather Archer Armor
31:27 Elite Rattan Archer
32:39 Ring Archer Armor
43:37 Scale Mail Armor
43:37 Pikeman
44:18 Squires
44:39 Chain Mail Armor
44:36 Forging
44:34 Caravan
44:36 Halberdier
46:35 Plate Mail Armor
47:23 Iron Casting
47:54 Crop Rotation
[MGG] JP
11:06 Feudal Age
14:51 Castle Age
13:04 Double-Bit Axe
13:27 Horse Collar
16:31 Fletching
17:48 Bodkin Arrow
19:31 Padded Archer Armor
22:44 Wheelbarrow
23:32 Loom
23:33 Town Watch
30:54 Imperial Age
29:06 Bow Saw
28:54 Stone Mining
30:01 Leather Archer Armor
30:46 Gold Mining
31:35 Bracer
33:27 Chemistry
35:55 Two-Man Saw
37:23 Elite Fire Archer
38:24 Conscription
39:07 Ballistics
39:37 Elite Skirmisher
40:37 Imperial Skirmisher
47:14 Heavy Plow
47:50 Gold Shaft Mining
47:51 Stone Shaft Mining
[MGG] El Petardo
10:37 Feudal Age
14:32 Castle Age
15:22 Double-Bit Axe
22:58 Bow Saw
22:29 Horse Collar
25:29 Wheelbarrow
24:40 Loom
26:42 Redemption
26:29 Gold Mining
28:46 Scale Barding Armor
28:53 Forging
29:10 Bloodlines
29:59 Chain Barding Armor
32:48 Imperial Age
30:00 Light Cavalry
30:41 Husbandry
31:01 Town Watch
31:57 Iron Casting
32:30 Hand Cart
34:30 Plate Barding Armor
33:44 Onager
37:22 Heavy Camel Rider
38:36 Crossbowman
41:18 Chemistry
40:15 Elite Skirmisher
40:54 Imperial Camel Rider
43:08 Blast Furnace
43:26 Imperial Skirmisher
47:01 Fletching
47:12 Padded Archer Armor
48:13 Conscription
KND
10:50 Feudal Age
14:30 Castle Age
12:21 Double-Bit Axe
12:43 Horse Collar
15:33 Bow Saw
18:07 Loom
19:20 Heavy Plow
21:36 Wheelbarrow
23:24 Hand Cart
25:02 Gold Mining
29:15 Imperial Age
27:58 Forging
27:54 Scale Barding Armor
27:50 Town Watch
29:27 Gold Shaft Mining
28:43 Stone Mining
29:15 Husbandry
29:44 Chain Barding Armor
30:02 Elite Mameluke
30:57 Siege Engineers
31:15 Conscription
32:10 Iron Casting
32:10 Plate Barding Armor
32:12 Masonry
32:13 Fortified Wall
33:07 Counterweights
34:20 Blast Furnace
34:55 Hoardings
35:45 Ballistics
36:25 Chemistry
35:18 Fletching
36:39 Bloodlines
38:15 Murder Holes
39:33 Town Patrol
41:19 Two-Man Saw
40:18 Bodkin Arrow
40:24 Padded Archer Armor
42:04 Fervor
45:43 Guard Tower
47:24 Thumb Ring
martelaxe
10:10 Feudal Age
13:51 Castle Age
11:45 Double-Bit Axe
12:48 Horse Collar
14:56 Heavy Plow
18:56 Loom
25:08 Fletching
27:52 Bow Saw
29:10 Wheelbarrow
30:18 Hand Cart
30:30 Gold Mining
32:04 Gold Shaft Mining
31:41 Scale Mail Armor
35:46 Imperial Age
33:48 Chain Mail Armor
33:46 Bodkin Arrow
35:55 Shield Wall
36:17 Elite Hearth Troop
37:29 Plate Mail Armor
38:27 Two-Man Saw
37:58 Crop Rotation
37:56 Conscription
39:40 Coinage
39:31 Light Cavalry
40:22 Bloodlines
40:18 Scale Barding Armor
40:25 Husbandry
40:23 Hussar
41:37 Chain Barding Armor
45:11 Forging
44:52 Elite Varangian Guard
45:21 Pikeman
46:32 Squires
48:51 Caravan
49:22 Banking
Haider_435
9:52 Feudal Age
14:26 Castle Age
12:13 Double-Bit Axe
12:58 Horse Collar
22:04 Fletching
21:56 Elite Skirmisher
22:38 Padded Archer Armor
23:36 Bodkin Arrow
25:28 Ballistics
27:32 Leather Archer Armor
28:20 Wheelbarrow
28:53 Bow Saw
32:25 Imperial Age
30:47 Thumb Ring
31:57 Hand Cart
31:32 Loom
32:05 Medical Corps
32:05 Husbandry
32:39 Gold Mining
32:40 Stone Mining
32:54 Heavy Plow
33:17 Bracer
34:21 Chemistry
33:54 Elite Elephant Archer
35:40 Ring Archer Armor
36:11 Conscription
39:37 Two-Man Saw
42:57 Coinage
44:48 Forging
44:38 Scale Mail Armor
46:17 Banking
Roooooooo
10:08 Feudal Age
11:31 Double-Bit Axe
12:01 Horse Collar
14:26 Castle Age
15:23 Bow Saw
17:29 Loom
20:16 Wheelbarrow
21:20 Heavy Plow
23:08 Gold Mining
23:45 Stone Mining
24:48 Hand Cart
28:58 Imperial Age
26:42 Fletching
27:14 Ballistics
27:25 Bodkin Arrow
27:30 Padded Archer Armor
28:55 Gold Shaft Mining
29:23 Town Watch
29:15 Elite Mangudai
30:15 Conscription
30:57 Chemistry
29:59 Bracer
30:15 Leather Archer Armor
30:12 Bloodlines
30:03 Husbandry
30:35 Drill
29:39 Capped Ram
31:10 Coinage
30:34 Siege Ram
31:43 Scale Barding Armor
33:59 Onager
35:53 Siege Onager
37:19 Siege Onager
38:20 Siege Engineers
38:33 Light Cavalry
39:44 Siege Onager
41:14 Chain Barding Armor
41:04 Forging
40:22 Hussar
42:56 Siege Onager
44:50 Iron Casting
大庆Song
12:19 Feudal Age
13:48 Wheelbarrow
13:20 Double-Bit Axe
13:32 Gold Mining
16:29 Castle Age
15:54 Scale Barding Armor
21:01 Bow Saw
24:35 Chain Barding Armor
26:03 Hand Cart
25:34 Loom
25:34 Town Watch
26:01 Husbandry
28:54 Forging
31:16 Gold Shaft Mining
34:15 Imperial Age
32:46 Light Cavalry
34:03 Iron Casting
33:28 Scale Mail Armor
32:51 Pikeman
33:31 Squires
33:19 Arson
34:33 Fortified Wall
34:34 Masonry
34:19 Cavalier
35:36 Plate Barding Armor
36:02 Blast Furnace
35:22 Heavy Scorpion
35:44 Paladin
38:10 Caravan
41:41 Padded Archer Armor
41:57 Chain Mail Armor
41:39 Halberdier
47:01 Hoardings
48:39 Plate Mail Armor
Connection lost

Rejoining the realm…

Still unreachable

The connection could not be restored.

Session expired

The server has moved on; the page needs a fresh start.